 Dungeon Crawl Stone Soup version 0.22-a0-159-g7ce444f (webtiles) character file.

480 4thArraOfDagon the Sneak (level 6, -10/28 HPs)
             Began as a Felid Abyssal Knight on Feb 9, 2018.
             Was a Priest of Lugonu.
             Mangled by a mummy (16 damage)
             ... in an ossuary.
             The game lasted 00:06:55 (1705 turns).

4thArraOfDagon the Sneak (Felid Abyssal Knight)     Turns: 1705, Time: 00:06:56

Health: -10/28     AC:  5    Str:  8    XL:     6   Next: 86%
Magic:  9/9        EV: 20    Int: 15    God:    Lugonu [***...]
Gold:   133        SH:  0    Dex: 16    Spells: 5/5 levels left
                                        Lives:  0   Deaths: 1

rFire    . . .     SeeInvis +     - Unarmed
rCold    . . .     Gourm    .   (shield unavailable)
rNeg     . . .     Faith    .   (armour unavailable)
rPois    .         Spirit   .   (helmet unavailable)
rElec    .         Reflect  .   (cloak unavailable)
rCorr    .         Harm     .   (gloves unavailable)
MR       .....     Clarity  +   (boots unavailable)
Stlth    ++++......             (no amulet)
HPRegen  0.09/turn              b - +1 ring of protection
MPRegen  0.11/turn              (no ring)

@: quick
A: very small, no armour, no weapons or thrown items, stealth, antennae 1, claws
1, fangs 3, molten scales 1, see invisible, carnivore, clarity, speed 1, shaggy
fur 2, slow metabolism 1, sharp paws
a: Depart the Abyss, Bend Space, Banish, Renounce Religion


You were in an ossuary.
You worshipped Lugonu.
Lugonu was most pleased with you.
You were not hungry.

You visited 1 branch of the dungeon, and saw 4 of its levels.
You visited the Abyss 1 time.
You also visited: Ossuary.

You collected 133 gold pieces.

Inventory:

Jewellery
 b - a +1 ring of protection (left paw)
Scrolls
 c - 2 scrolls of identify
 e - a scroll of enchant armour {unknown}
 f - a scroll of enchant weapon
 g - 3 scrolls of remove curse
 h - a scroll of fog {unknown}
Comestibles
 a - 7 rations


   Skills:
 - Level 3.0 Fighting
 + Level 5.2 Dodging
 - Level 6.0 Stealth
 * Level 4.9 Unarmed Combat
 + Level 3.5 Invocations


You had 5 spell levels left.
You didn't know any spells.

Dungeon Overview and Level Annotations

Branches:
Dungeon (5/15)
 Temple: D:4-7

Altars:
Elyvilon
Makhleb
Ru
Xom


Innate Abilities, Weirdness & Mutations

You cannot wear armour.
You are incapable of wielding weapons or throwing items.
Your paws allow you to move quietly. (Stealth)
You have sharp claws.
You have razor-sharp teeth.
You have supernaturally acute eyesight. (SInv)
You are carnivorous and can eat meat at any time.
You cover ground quickly.
You are covered in thick fur. (AC +2)
You have a slow metabolism.
Your sharp claws are effective at attacking unaware monsters.
You have a pair of small antennae on your head.
You are partially covered in molten scales. (AC +2)
You possess an exceptional clarity of mind.


Message History

The mummy hits you!
You scratch the mummy but do no damage.
The mummy is moderately damaged.
You scratch the mummy.
The mummy is heavily damaged.
The mummy completely misses you.
You scratch the mummy.
The mummy is heavily damaged.
You scratch the mummy.
The mummy is heavily damaged.
The mummy hits you!
* * * LOW HITPOINT WARNING * * *
Unknown command.
You scratch the mummy.
The mummy is severely damaged.
You barely miss the mummy.
The mummy is severely damaged.
The mummy hits you!
Ouch! That really hurt!
You die...

#########
#.#.#.#.#
'#+#'#'#'#'#'###
.Z.........M.'.#
Z#####.#####@###
#.#...#.'.#
#.#...'.###
#.#...#.'.#
#≈#####.### M≈
#.'.'.#
#≈#####.###
#∩..#.'÷#
#.∩.'.###


You could see a mummy.

Vanquished Creatures
  An eye of draining (Abyss:1)
  A wyvern zombie (Ossuary)
  A bullfrog zombie (Ossuary)
  An orc priest (D:5)
  Natasha (D:3)
  A worker ant (D:3)
  2 hound zombies (Ossuary)
  11 mummies (Ossuary)
  A howler monkey zombie (Ossuary)
  A worker ant zombie (Ossuary)
  Robin (D:3)
  2 adders
  3 adder zombies (Ossuary)
  A worm (D:5)
  A dart slug (D:2)
  5 leopard geckos
  4 orcs
  6 giant cockroaches
  12 goblins
  3 hobgoblins
  2 jackals (D:3)
  A quokka (D:3)
  A ball python (D:2)
  7 bats
  A frilled lizard (D:3)
  A jackal zombie (Ossuary)
  3 leopard gecko zombies (Ossuary)
  2 quokka zombies (Ossuary)
  10 rats
87 creatures vanquished.

Notes
Turn   | Place    | Note
-------+----------+-------------------------------------------
     0 | Abyss:1  | 4thArraOfDagon the Felid Abyssal Knight began the quest for the Orb.
     0 | Abyss:1  | Reached XP level 1. HP: 10/10 MP: 3/3
    27 | Abyss:1  | Noticed a small abomination
    30 | Abyss:1  | Found a sparkling altar of Nemelex Xobeh.
    30 | Abyss:1  | Noticed a small abomination
    39 | Abyss:1  | Noticed a small abomination
    46 | Abyss:1  | Noticed a starcursed mass
    52 | Abyss:1  | Noticed an eye of draining
    67 | Abyss:1  | Noticed a small abomination
    68 | Abyss:1  | Killed an eye of draining
    68 | Abyss:1  | Reached skill level 6 in Stealth
    68 | Abyss:1  | Reached XP level 2. HP: 14/14 MP: 0/4
    68 | Abyss:1  | Reached XP level 3. HP: 17/17 MP: 0/5
    68 | Abyss:1  | Reached XP level 4. HP: 21/21 MP: 0/6
    77 | Abyss:1  | Noticed a sixfirhy
    78 | D:1      | Escaped the Abyss
    95 | D:1      | Reached * piety under Lugonu
   843 | D:3      | Found a burning altar of Makhleb.
   906 | D:3      | Noticed Robin
   909 | D:3      | HP: 1/21 [Robin/dagger (4)]
   914 | D:3      | Gained mutation: You have a pair of small antennae on your head. [potion of mutation]
   914 | D:3      | Gained mutation: You are partially covered in molten scales. (AC +2) [potion of mutation]
   914 | D:3      | Gained mutation: You possess an exceptional clarity of mind. [potion of mutation]
   926 | D:3      | Killed Robin
   926 | D:3      | Reached XP level 5. HP: 22/24 MP: 7/7
   979 | D:2      | Found a sacrificial altar of Ru.
   979 | D:2      | Found a shimmering altar of Xom.
  1037 | D:2      | Found a white marble altar of Elyvilon.
  1055 | D:2      | Reached ** piety under Lugonu
  1174 | D:3      | Noticed Natasha
  1182 | D:3      | Killed Natasha
  1226 | D:3      | You fall through a shaft for 2 floors!
  1226 | D:5      | Entered Level 5 of the Dungeon
  1255 | D:5      | Gained mutation: You are covered in thick fur. (AC +2) [Felid growth]
  1255 | D:5      | Reached XP level 6. HP: 4/28 MP: 7/9
  1286 | D:5      | Found a sand-covered staircase.
  1324 | Ossuary  | Entered an ossuary
  1366 | Ossuary  | Mangled by a mummy
  1367 | Ossuary  | Reached XP level 5. HP: -8/24 MP: 8/8
  1414 | Ossuary  | Reached XP level 6. HP: 28/28 MP: 9/9
  1456 | Ossuary  | Reached *** piety under Lugonu
  1456 | Ossuary  | Reached skill level 5 in Dodging
  1705 | Ossuary  | Mangled by a mummy

Vault maps used:
D:1:      dpeg_arrival_ratfight, minmay_distorted
D:2:      elyvilon_altar_3, chequers_temple_overflow_statue_of_worship
D:3:      lemuel_crystal_altar, lemuel_doored_altar,
          nicolae_overflow_hidden_temple, uniq_robin, uniq_natasha
D:5:      nicolae_ossuary_entry_ruins, first_ration, basic_altar, bloody_makhleb
Ossuary:  ossuary_zaba_flooded

Skill      XL: |  1  2  3  4  5  6 |
---------------+-------------------+-----
Stealth        | 6 |  6.0
Invocations    | 2 3 |  3.5
Unarmed Combat | 4 |  4.9
Dodging        | 4 5 |  5.2
Fighting       | |  3.0

Action                   |  1- 3 |  4- 6 || total
-------------------------+-------+-------++-------
Melee: Unarmed           |    13 |   293 ||   306
       Bite              |     2 |    21 ||    23
       Punch             |     1 |       ||     1
Invok: Depart the Abyss  |       |     1 ||     1
  Use: Potion            |       |     6 ||     6
       Scroll            |       |     4 ||     4
 Stab: Sleeping          |       |    17 ||    17
       Distracted        |       |     3 ||     3
  Eat: Chunk             |       |     8 ||     8
Armor: Skin              |       |    51 ||    51
Dodge: Dodged            |       |   170 ||   170

Table legend:
 A = Spawn XP
 B = Non-spawn XP
 C = Spawn XP percentage of total XP
 D = Spawn monster count
 E = Non-spawn monster count
 F = Spawn count percentage of total count
 G = Total turns spent on level
                    A         B        C        D         E        F      G
               +---------+---------+-------+---------+---------+-------+---------
         Total |       0 |     878 |   0.0 |       0 |      87 |   0.0 |  1705
               +---------+---------+-------+---------+---------+-------+---------
           D:1 |       0 |      19 |   0.0 |       0 |      13 |   0.0 |   605
           D:2 |       0 |      43 |   0.0 |       0 |      18 |   0.0 |   309
           D:3 |       0 |     138 |   0.0 |       0 |      23 |   0.0 |   234
           D:5 |       0 |      60 |   0.0 |       0 |       6 |   0.0 |    98
       Abyss:1 |       0 |     133 |   0.0 |       0 |       1 |   0.0 |    78
       Ossuary |       0 |     485 |   0.0 |       0 |      26 |   0.0 |   381
               +---------+---------+-------+---------+---------+-------+---------
